Map: Ulrena

Players

LilDicky

  • Race: Terran Terran
  • League: Diamond

Gilgamex - Winner!

  • Race: Zerg Zerg
  • League: Diamond

VOD

http://www.twitch.tv/tumescentpie

Description

Time

  • Played on: Nov. 23, 2015, 10:23 p.m.
  • Length: 4:19
Show
View Real Time Build Order
Export as new Build Order

LilDicky Terran 

Build Orders:  

Get SALT Encoding   

  12  0:01  SCV  
  13  0:13  SCV  
  14  0:17  Supply Depot  
  14  0:25  SCV  
  15  0:30  Refinery  
  15  0:39  SCV  
  16  0:45  Barracks  
  16  1:00  Barracks  
  16  1:02  SCV  
  17  1:14  SCV  
  18  1:33  Reaper  
  18  1:35  Supply Depot  
  19  1:43  Bunker  
  19  1:51  Reaper  
  20  1:55  Orbital Command  
  20  2:05  Reaper  
  20  2:23  Reaper  
  21  2:37  SCV, Reaper  
  22  2:41  Refinery, Barracks  
  22  2:42  Barracks  
  23  2:46  Supply Depot  
  21  2:55  Reaper  
  21  3:38  Barracks Reactor  
  21  3:39  Barracks Reactor, Barracks Tech Lab  
  21  3:40  Command Center  
  17  3:44  Marine  
  17  3:46  SCV  
  19  3:59  Marine  
  19  4:00  SCV  
Show
View Real Time Build Order
Export as new Build Order

Gilgamex Zerg - Winner!

Build Orders: Hatch First, Zergling Baneling 

Get SALT Encoding   

  12  0:00  Drone  
  13  0:12  Overlord  
  13  0:18  Drone  
  14  0:30  Drone  
  14  0:31  Drone  
  14  0:34  Drone  
  17  0:45  Drone  
  18  0:57  Hatchery  
  18  0:59  Extractor  
  16  1:10  Spawning Pool  
  15  1:14  Drone  
  15  1:17  Drone  
  17  1:21  Drone  
  18  1:29  Drone  
  19  1:42  Overlord  
  19  1:58  Zergling x2  
  20  2:02  Queen  
  20  2:03  Metabolic Boost  
  22  2:10  Queen  
  24  2:18  Zergling x2  
  24  2:19  Zergling x2  
  26  2:26  Zergling x2  
  27  2:32  Drone  
  27  2:45  Zergling x2  
  27  2:46  Baneling Nest  
  26  2:53  Zergling x2  
  27  3:05  Zergling x2  
  27  3:12  Zergling x6  
  30  3:17  Zergling x2  
  30  3:30  Zergling x2  
  30  3:39  Zergling x10  
  35  3:41  Overlord  
  35  3:42  Overlord  
  35  3:48  Baneling x5  
  35  3:49  Baneling x4  
  35  4:01  Zergling x6  
Tags
 
Add a new tag
Caveats
  • Supply blocks, unpowered buildings, or Contaminate may cause inaccurate times.
  • Supply counts are checked every 10 seconds.